 Dungeon Crawl Stone Soup version 0.29-a0-8-g0446c0dae4 (webtiles) character file.

Game seed: 16143969121219221853

692 Orangeyouglad the Skirmisher (level 7, -2/56 HPs)
             Began as a Human Cinder Acolyte on Jan 27, 2022.
             Was a High Priest of Ignis.
             Slain by a centaur warrior zombie (3 damage)
             ... on level 5 of the Dungeon.
             The game lasted 00:10:56 (6477 turns).

Orangeyouglad the Skirmisher (Human Cinder Acolyte) Turns: 6477, Time: 00:10:57

Health: -2/56      AC:  3    Str: 16    XL:     7   Next: 95%
Magic:  5/12       EV: 12    Int: 15    God:    Ignis [*****.]
Gold:   95         SH:  0    Dex:  8    Spells: 11/13 levels left

rFire   + . .      SeeInvis .   m - +2 mace (holy)
rCold   . . .      Faith    .   (no shield)
rNeg    . . .      Spirit   .   b - +0 robe
rPois   .          Reflect  .   (no helmet)
rElec   .          Harm     .   (no cloak)
rCorr   .          Rampage  .   k - +0 pair of gloves
Will    .....                   (no boots)
Stlth   +.........              (no amulet)
HPRegen 0.18/turn               (no ring)
MPRegen 0.13/turn               (no ring)

@: very slightly contaminated
A: no striking features
a: Renounce Religion, Fiery Armour, Foxfire Swarm, Rising Flame


You were on level 5 of the Dungeon.
You worshipped Ignis.
Ignis was extremely pleased with you.
You visited 1 branch of the dungeon, and saw 5 of its levels.

You collected 95 gold pieces.

Inventory:

Hand Weapons
 a - a -1 falchion of flaming
 m - a +2 mace of holy wrath (weapon)
Armour
 b - a +0 robe (worn)
 k - a +0 pair of gloves (worn)
Wands
 p - a wand of polymorph (10)
 q - a wand of iceblast (13)
 s - a wand of flame (17)
Scrolls
 c - 3 scrolls of blinking {unknown}
 e - 4 scrolls of identify {unknown}
 f - 2 scrolls of vulnerability {unknown}
 g - a scroll of amnesia {unknown}
 h - a scroll of enchant weapon {unknown}
 i - a scroll of acquirement {unknown}
 n - 2 scrolls of immolation {unknown}
 t - a scroll of torment {unknown}
 v - a scroll of teleportation
Potions
 d - 4 potions of curing {unknown}
 j - a potion of berserk rage {unknown}
 l - a potion of resistance {unknown}
 o - a potion of invisibility {unknown}
 r - a potion of heal wounds {unknown}
 u - a potion of lignification {unknown}
 w - a potion of flight {unknown}


   Skills:
 + Level 5.0 Fighting
 - Level 3.1 Long Blades
 + Level 3.6 Dodging
 + Level 3.7 Spellcasting
 + Level 5.0 Fire Magic


You had 11 spell levels left.
You knew the following spells:

 Your Spells              Type           Power      Damage    Failure   Level
a - Scorch                Fire           34%        2d6       3%          2

Your spell library contained the following spells:

 Spells                   Type           Power      Damage    Failure   Level
 Chain Lightning          Conj/Air       1%         3d1       100%        9
 Fire Storm               Conj/Fire      5%         8d1       100%        9
 Shatter                  Erth           1%         3d5*      100%        9


Dungeon Overview and Level Annotations

Branches:
Dungeon (5/15)
 Temple: D:4-7

Altars:
Hepliaklqana
Makhleb

Portals:
Abyss: D:3

Annotations:
D:3 2 transporters, DarkBird's ghost, amateur SpEn


Message History

You hit the centaur warrior zombie.
The centaur warrior zombie convulses.
The centaur warrior zombie is moderately damaged.
The centaur warrior zombie hits you. The centaur warrior zombie kicks you.
The centaur warrior zombie hits you! The centaur warrior zombie kicks you.
You hit the centaur warrior zombie.
The centaur warrior zombie convulses.
The centaur warrior zombie is moderately damaged.
The centaur warrior zombie barely misses you.
The centaur warrior zombie kicks you but does no damage.
The centaur warrior zombie misses you.
The centaur warrior zombie kicks you but does no damage.
Casting: Scorch (safe; 3% risk of failure)
Press: ? - help, Q - select action, (/) - cycle Dir - look around, f - activate Flames lash the centaur warrior zombie.
The centaur warrior zombie is burned terribly!
The centaur warrior zombie is heavily damaged.
The centaur warrior zombie hits you! The centaur warrior zombie kicks you.
Casting: Scorch (safe; 3% risk of failure)
Press: ? - help, Q - select action, (/) - cycle Dir - look around, f - activate You miscast Scorch.
You are very lightly contaminated with residual magic.
Nothing appears to happen.
The centaur warrior zombie hits you. The centaur warrior zombie kicks you.
Casting: Scorch (safe; 3% risk of failure)
Press: ? - help, Q - select action, (/) - cycle Dir - look around, f - activate Flames lash the centaur warrior zombie.
The centaur warrior zombie is burned terribly!
The centaur warrior zombie is severely damaged.
The centaur warrior zombie hits you!
* * * LOW HITPOINT WARNING * * *
The centaur warrior zombie kicks you but does no damage.
The centaur warrior zombie hits you!
* * * LOW HITPOINT WARNING * * *
The centaur warrior zombie kicks you.
* * * LOW HITPOINT WARNING * * *
The centaur warrior zombie misses you.
The centaur warrior zombie closely misses you.
The centaur warrior zombie hits you.
* * * LOW HITPOINT WARNING * * *
The centaur warrior zombie kicks you.
You die...

##.....## ##.......####
####............
#.............##
#.##..........##
#.###...........
#..###......#.#.
####.####.......#.
##@##............#.
..?######Z#.#.####.........
.........###..# #.......##
........## ##.##.........#
.(....... ..##.#.......#
...######. .#.##.#.......#
.. #.##............# .
#.##.##.######### # ....


You could see a centaur warrior zombie (combustible).

Vanquished Creatures
  2 phantoms (D:4)
  A bullfrog (D:4)
  A scorpion (D:4)
  A howler monkey (D:4)
  2 orc priests (D:3)
  2 iguanas
  Natasha (twice) (D:3)
  An orc wizard (D:3)
  A killer bee zombie (D:4)
  A hound skeleton (D:4)
  Robin (D:4)
  5 adders
  A white imp (D:5)
  An ufetubus (D:4)
  2 worms
  8 orcs
  5 ball pythons
  7 bats
  6 endoplasms
  A giant cockroach (D:2)
  12 goblins
  5 hobgoblins
  8 jackals
  3 frilled lizards (D:1)
  9 kobolds
  2 rats (D:1)
90 creatures vanquished.

Notes
Turn   | Place    | Note
-------+----------+-------------------------------------------
     0 | D:1      | Orangeyouglad the Human Cinder Acolyte began the quest for
                  | the Orb.
     0 | D:1      | Reached XP level 1. HP: 18/18 MP: 2/2
   237 | D:1      | Reached XP level 2. HP: 24/24 MP: 3/3
   783 | D:1      | Found a faded altar of an unknown god.
  1262 | D:1      | Learned a level 2 spell: Scorch
  1272 | D:2      | Reached XP level 3. HP: 29/29 MP: 2/5
  1434 | D:2      | Reached skill level 1 in Dodging
  1690 | D:2      | Reached XP level 4. HP: 35/35 MP: 1/6
  2843 | D:3      | Found a burning altar of Makhleb.
  2988 | D:2      | Reached XP level 5. HP: 40/41 MP: 3/8
  3084 | D:3      | Noticed a small abomination
  3094 | D:3      | Found a one-way gate to the infinite horrors of the Abyss.
  3094 | D:3      | Noticed DarkBird's ghost (amateur SpEn)
  3094 | D:3      | Noticed a kobold brigand
  3099 | D:3      | Found a transporter.
  3106 | D:3      | Noticed a small abomination
  3145 | D:3      | Noticed Natasha
  3150 | D:3      | Killed Natasha
  3278 | D:3      | Found a transporter.
  3329 | D:3      | Noticed Natasha
  3499 | D:3      | Killed Natasha
  4280 | D:3      | Reached XP level 6. HP: 48/48 MP: 2/9
  4607 | D:4      | Reached XP level 7. HP: 48/55 MP: 2/11
  5251 | D:4      | Noticed Robin
  5428 | D:4      | Killed Robin
  5858 | D:4      | Found a hazy altar of Hepliaklqana.
  6350 | D:5      | Entered Level 5 of the Dungeon
  6368 | D:5      | Reached skill level 5 in Fighting
  6368 | D:5      | Reached skill level 5 in Fire Magic
  6477 | D:5      | HP: 1/56 [centaur warrior zombie (3)]
  6477 | D:5      | Slain by a centaur warrior zombie

Illustrated notes

Levels and vault maps discovered:
D:1:      minmay_arrival_semitransparent, layout_basic,
          shapermc_ecumenical_altar_pompeii
D:2:      layout_basic
D:3:      layout_rooms, lemuel_doored_altar, gammafunk_ghost_abyssal_escape,
          uniq_natasha
D:4:      layout_basic, nzn_hepliaklqana_mist_gate, serial_glass,
          glass_columns_c, glass_columns_a, uniq_robin
D:5:      layout_loops_cross

Skill      XL: |  1  2  3  4  5  6  7 |
---------------+----------------------+-----
Dodging        | 1 2 3 |  3.6
Spellcasting   | 2 3 |  3.7
Fighting       | 4 5 |  5.0
Fire Magic     | 4 5 |  5.0
Long Blades    | |  3.1

Action                   |  1- 3 |  4- 6 |  7- 9 || total
-------------------------+-------+-------+-------++-------
Melee: Falchion          |    79 |    18 |       ||    97
       Punch             |     1 |     1 |     1 ||     3
       Mace              |       |       |    26 ||    26
 Cast: Scorch            |     9 |    46 |    46 ||   101
Armor: Robe              |    47 |     8 |    24 ||    79
Dodge: Dodged            |    74 |    25 |    55 ||   154

Table legend: (Time is in decaauts)
 A = Elapsed time spent in this place.
 B = Non-inter-level travel time spent in this place.
 C = Inter-level travel time spent in this place.
 D = Time resting spent in this place.
 E = Time spent auto-exploring this place.
 F = Levels seen in this place.
 G = Mean time per level.
                   A        B        C        D        E       F      G
               +--------+--------+--------+--------+--------+-----+--------+
         Total |   6526 |   6227 |    299 |   2001 |   3241 |   5 | 1305.2 |
       Dungeon |   6526 |   6227 |    299 |   2001 |   3241 |   5 | 1305.2 |
               +--------+--------+--------+--------+--------+-----+--------+

Top non-repeatable levels by time:
     D:2: 2273 daAuts
     D:3: 1439 daAuts
     D:4: 1413 daAuts
     D:1: 1271 daAuts
     D:5: 127 daAuts
